 Dungeon Crawl Stone Soup version 0.30.1-4-g462c640d31 (webtiles) character file.

Game seed: 2825741663847634137

134 safid the Chiller (level 5, 0/39 HPs)
             Began as a Merfolk Ice Elementalist on Aug 21, 2023.
             Slain by Grinder (4 damage)
             ... on level 3 of the Dungeon.
             The game lasted 00:03:08 (1890 turns).

safid the Chiller (Merfolk Ice Elementalist)        Turns: 1890, Time: 00:03:08

Health: 0/39       AC:  8    Str:  8    XL:     5   Next: 17%
Magic:  0/9        EV: 12    Int: 17    God:
Gold:   98         SH:  0    Dex: 14    Spells: 3/10 levels left

rFire   . . .        g - +2 short sword (drain)
rCold   . . .        (no shield)
rNeg    . . .        a - +0 robe
rPois   .            (no helmet)
rElec   .            (no cloak)
rCorr   .            (no gloves)
SInv    .            (no boots)
Will    .....        (no amulet)
Stlth   ++           (no ring)
HPRegen 0.26/turn    (no ring)
MPRegen 0.11/turn

%: no passive effects
@: ice-armoured, freezing walls
A: (nimble swimmer 2), mertail
a: no special abilities


You were on level 3 of the Dungeon.
You visited 1 branch of the dungeon, and saw 3 of its levels.

You collected 98 gold pieces.

Inventory:

Hand Weapons
 g - a +2 short sword of draining (weapon)
Armour
 a - a +0 robe (worn)
Scrolls
 c - a scroll of teleportation {unknown}
 d - a scroll of poison {unknown}
Potions
 b - a potion of magic
 f - a potion of flight {unknown}


   Skills:
 + Level 2.7 Fighting
 - Level 2.6 Dodging
 - Level 2.1 Stealth
 + Level 3.1 Spellcasting
 + Level 5.3 Ice Magic


You had 3 spell levels left.
You knew the following spells:

 Your Spells              Type           Power      Damage    Failure   Level
a - Freeze                Ice            80%        1d9       1%          1
b - Frozen Ramparts       Ice            40%        1d7       6%          3
c - Ozocubu's Armour      Ice            20%        N/A       6%          3

Your spell library contained the following spells:

 Spells                   Type           Power      Damage    Failure   Level
 Magic Dart               Conj           8%         1d3       17%         1
 Searing Ray              Conj           4%         2d4       26%         2
 Ice Form                 Ice/Tmut       11%        N/A       50%         4
 Summon Ice Beast         Ice/Summ       11%        N/A       50%         4
 Cause Fear               Hex            1%         N/A       86%         4
 Fulminant Prism          Conj/Hex       1%         3d5       86%         4
 Dragon Form              Tmut           1%         N/A       100%        7
 Dragon's Call            Summ           1%         N/A       100%        9


Dungeon Overview and Level Annotations

Branches:
Dungeon (3/15)

Altars:

Annotations:
D:3 Grinder


Innate Abilities, Weirdness & Mutations

((You are very nimble when in or above water. (Stealth+, EV+, Speed+++)))
Your lower body shifts to a powerful aquatic tail in water.


Message History

The wall freezes the worm.
The worm barely misses you.
Unknown command.
You hit the worm.
The worm is almost dead.
The wall freezes Grinder but does no damage.
Unknown command.
You barely miss the worm.
The worm is almost dead.
The wall freezes the worm but does no damage.
The worm bites you but does no damage.
Grinder resists.
The wall freezes Grinder.
Grinder gestures at you. Pain shoots through your body!
* * * LOW HITPOINT WARNING * * *
Unknown command.
You barely miss the worm.
The worm is almost dead.
The wall freezes Grinder but does no damage.
Grinder barely misses you.
Unknown command.
You hit the worm.
You kill the worm!
The wall freezes Grinder but does no damage.
Grinder misses you.
The wall freezes the orc!
Unknown command.
It was a potion of curing.
You feel better.
Grinder completely resists.
The wall freezes Grinder but does no damage.
Grinder gestures at you. Pain shoots through your body!
* * * LOW HITPOINT WARNING * * *
The wall freezes the orc.
You kill the orc!
You hit Grinder.
Grinder is lightly wounded.
Grinder completely resists.
The wall freezes Grinder but does no damage.
Grinder hits you.
* * * LOW HITPOINT WARNING * * *
You writhe in agony.
You die...

.......#####
......o#
####..
....#o.o.
..#..
...##.o..##
$... .##
#.o... ... .
...... ). . #.
##)#
..##.###))#
......)5@#
.........#
..#...<.#
##...#..#
............
######........
#........
#........
#........


You could see Grinder.

Vanquished Creatures
  2 orc priests
  An adder (D:3)
  2 worms
  A dart slug (D:2)
  9 orcs
  5 endoplasms
  3 giant cockroaches
  4 goblins
  3 hobgoblins
  2 quokkas
  A ball python (D:3)
  6 bats
  5 frilled lizards
  4 kobolds
  3 rats (D:1)
51 creatures vanquished.

Notes
Turn   | Place    | Note
-------+----------+-------------------------------------------
     0 | D:1      | safid the Merfolk Ice Elementalist began the quest for the
                  | Orb.
     0 | D:1      | Reached XP level 1. HP: 13/13 MP: 3/3
   242 | D:1      | Reached XP level 2. HP: 20/20 MP: 3/5
   321 | D:1      | Reached skill level 1 in Fighting
   768 | D:2      | Reached XP level 3. HP: 13/26 MP: 6/6
   877 | D:2      | Reached XP level 4. HP: 33/33 MP: 8/8
   915 | D:2      | Reached skill level 5 in Ice Magic
   930 | D:2      | Learned a level 3 spell: Frozen Ramparts
   934 | D:2      | Learned a level 3 spell: Ozocubu's Armour
  1473 | D:2      | Found a faded altar of an unknown god.
  1585 | D:3      | Noticed Grinder
  1876 | D:3      | Paralysed by Grinder for 5 turns
  1879 | D:3      | Reached XP level 5. HP: 20/39 MP: 2/9
  1890 | D:3      | Slain by Grinder

Illustrated notes

Levels and vault maps discovered:
D:1:      dpeg_arrival_shrine, layout_loops_ring
D:2:      cheibrodos_pilgrimage, layout_loops_ring,
          shapermc_ecumenical_altar_hornbeckon
D:3:      layout_rooms, trog_hazing_becter, uniq_grinder

Skill      XL: |  1  2  3  4 |
---------------+-------------+-----
Fighting       | 1 2 |  2.7
Ice Magic      | 5 |  5.3
Spellcasting   | 3 |  3.1
Dodging        | |  2.6
Stealth        | |  2.1

Action                     |  1- 3 |  4- 6 || total
---------------------------+-------+-------++-------
  Melee: Dagger            |    30 |       ||    30
         Unarmed           |     1 |       ||     1
         Short sword       |     6 |    57 ||    63
   Cast: Freeze            |    16 |     7 ||    23
         Frozen Ramparts   |       |     2 ||     2
         Ozocubu's Armour  |       |     1 ||     1
    Use: Potion            |       |     1 ||     1
   Stab: Sleeping          |     4 |     3 ||     7
 Armour: Robe              |     6 |    16 ||    22
  Dodge: Dodged            |    19 |    58 ||    77
